 Seeded DCSS version 0.30-a0-341-g682706514a (webtiles) character file.

Game seed: 7130546335830651708 (custom seed)

35 purpskrrrp the Magician (level 3, 0/25 HPs)
             Began as a Djinni Conjurer on Nov 5, 2022.
             Slain by a goblin
             ... wielding a +0 club
              (1 damage)
             ... on level 2 of the Dungeon.
             The game lasted 00:01:51 (944 turns).

purpskrrrp the Magician (Djinni Conjurer)            Turns: 944, Time: 00:01:52

Health: 0/25       AC:  3    Str:  6    XL:     3   Next: 55%
Gold:   42         EV: 12    Int: 21    God:
                   SH:  0    Dex: 17

rFire   + + .      SeeInvis .    (no weapon)
rCold   x . .      Faith    .    (no shield)
rNeg    . . .      Spirit   .    a - +1 robe
rPois   ∞          Reflect  .    (no helmet)
rElec   .          Harm     .    (no cloak)
rCorr   .          Rampage  .    (no gloves)
Will    .....                    (boots unavailable)
Stlth   ++........               (no amulet)
HPRegen 0.24/turn                g - +6 ring of dexterity
MPRegen 0.00/turn                (no ring)

@: flying, studying Spellcasting
A: sickness immunity, fire resistance 2, cold vulnerability 1, float, innate
caster, HP casting, extra vitality 1
a: no special abilities


You were on level 2 of the Dungeon.
You visited 1 branch of the dungeon, and saw 2 of its levels.

You collected 42 gold pieces.

Inventory:

Armour
 a - a +1 robe (worn)
Jewellery
 g - a +6 ring of dexterity (left hand)
Potions
 b - a potion of brilliance {unknown}
 c - a potion of degeneration {unknown}
 e - a potion of heal wounds
 f - a potion of might
 j - a potion of flight {unknown}


   Skills:
 - Level 2.1 Dodging
 - Level 1.5 Stealth
 + Level 4.4 Spellcasting


You couldn't memorise any spells.
You knew the following spells:

 Your Spells              Type           Power      Damage    Failure   Level
a - Magic Dart            Conj           92%        1d7       1%          1
b - Searing Ray           Conj           46%        2d6       2%          2
c - Dazzling Flash        Conj/Hex       46%        N/A       5%          3
d - Fulminant Prism       Conj/Hex       11%        3d8       19%         4
e - Iskenderun's Mystic   Conj/Tloc      23%        2d6       19%         4
f - Sting                 Tmut/Pois      92%        1d7       1%          1
Your spell library was empty.

Dungeon Overview and Level Annotations

Branches:
Dungeon (2/15)

Altars:


Innate Abilities, Weirdness & Mutations

You are immune to sickness and miasma.
You are immune to poison.
Your flesh is very heat resistant. (rF++)
You are vulnerable to cold. (rC-)
You float through the air rather than walking.
You learn spells naturally, not from books.
Your magical power is your life essence.
You have superior vitality. (+4 MHP)


Message History

You have reached level 3!
Your experience leads to an increase in your attributes!
Your base attributes are Str 6, Int 19, Dex 11.
Increase (S)trength, (I)ntelligence, or (D)exterity?
You feel clever. x2
The power to cast Sting wells up from within.
Spell assigned to 'f'.
The magic dart hits the adder!
The adder is severely wounded.
The gnoll shouts!
You hear a shout!
A goblin comes into view. It is wielding a +0 club.
The magic dart hits the adder.
The adder is almost dead.
The goblin shouts!
The magic dart hits the adder.
You kill the adder!
A gnoll comes into view. It is wielding a +0 spear of venom.
The magic dart hits the gnoll.
The gnoll is heavily wounded.
The magic dart hits the gnoll.
The gnoll is almost dead.
The magic dart hits the gnoll but does no damage.
The gnoll is almost dead.
You barely miss the gnoll.
The gnoll is almost dead.
The gnoll drinks a potion.
The gnoll seems to grow stronger.
You closely miss the gnoll.
The gnoll is almost dead.
The gnoll hits you with a +0 flail! The goblin hits you with a +0 club.
You are too injured to fight recklessly!
You are too injured to fight recklessly!
Aiming: Magic Dart (safe; 1% risk of failure)
Press: ? - help, Q - select action, (/) - cycle Shift-Dir - straight line, f/p - gnoll
Aim: a gnoll, wielding a +0 flail and quivering poisoned darts (almost dead, strong, 100% to hit)
The magic dart hits the gnoll.
You kill the gnoll!
The gnoll hits you from afar with a +0 spear of venom!
* * * LOW HITPOINT WARNING * * *
The goblin hits you with a +0 club.
You die...

###.#+#.#
#.......#
###....)..#
..........# #..
..........
#...........g.
#.#......#.g)#
#.#........#@# #
#.#......#.#.# #.
#.#....#.#.#.# #.
#.#.#..#.#.#.#
#.###.#:...#.#.#.#
........#....#...#
....#.#.#..(.....#
#.#.#.#..†...#..##
#.#.#.#.........#


You could see a gnoll and a goblin.

Vanquished Creatures
  2 gnolls (D:2)
  An adder (D:2)
  3 endoplasms
  A giant cockroach (D:1)
  4 hobgoblins (D:1)
  3 kobolds (D:1)
  A ball python (D:1)
  A frilled lizard (D:2)
  A rat (D:1)
17 creatures vanquished.

Notes
Turn   | Place    | Note
-------+----------+-------------------------------------------
     0 | D:1      | purpskrrrp the Djinni Conjurer began the quest for the Orb.
     0 | D:1      | purpskrrrp set off with the following spells memorised:
                  | Magic Dart, Searing Ray, Dazzling Flash, Fulminant Prism,
                  | Iskenderun's Mystic Blast.
     0 | D:1      | Reached XP level 1. HP: 15/15 MP: 0/0
    75 | D:1      | Reached XP level 2. HP: 16/21 MP: 0/0
   581 | D:1      | Identified a scroll of acquirement
   581 | D:1      | Acquired a manual of Spellcasting
   936 | D:2      | Reached skill level 4 in Spellcasting
   936 | D:2      | Reached XP level 3. HP: 22/25 MP: 0/0
   936 | D:2      | Learned a level 1 spell: Sting
   944 | D:2      | HP: 1/25 [gnoll/+0 spear of venom (7)]
   944 | D:2      | Slain by a goblin

Illustrated notes

Levels and vault maps discovered:
D:1:      dpeg_arrival_refuge, layout_basic
D:2:      layout_basic

Skill      XL: |  1  2 |
---------------+-------+-----
Spellcasting   | 4 |  4.4
Dodging        | |  2.1
Stealth        | |  1.5

Action                   || total
-------------------------++-------
Melee: Unarmed           ||    11
       Punch             ||     1
 Cast: Magic Dart        ||    39
  Use: Scroll            ||     5
Dodge: Dodged            ||     7

Table legend: (Time is in decaauts)
 A = Elapsed time spent in this place.
 B = Non-inter-level travel time spent in this place.
 C = Inter-level travel time spent in this place.
 D = Time resting spent in this place.
 E = Time spent auto-exploring this place.
 F = Levels seen in this place.
 G = Mean time per level.
                   A        B        C        D        E       F      G
               +--------+--------+--------+--------+--------+-----+--------+
         Total |    943 |    896 |     47 |     36 |    764 |   2 |  471.5 |
       Dungeon |    943 |    896 |     47 |     36 |    764 |   2 |  471.5 |
               +--------+--------+--------+--------+--------+-----+--------+

Top non-repeatable levels by time:
     D:1: 669 daAuts
     D:2: 273 daAuts
